 Dungeon Crawl Stone Soup version 0.25-a0-700-g7f8a7979f0 (webtiles) character file.

Game seed: 11338006003043089003, levelgen mode: deterministic

9499 kae the Grappler (level 11, 0/115 HPs)
             Began as a Green Draconian Transmuter on Apr 2, 2020.
             Was a Priest of Makhleb.
             Slain by a wolf (1 damage)
             ... in a Gauntlet.
             The game lasted 00:13:23 (11271 turns).

kae the Grappler (Green Draconian Transmuter)      Turns: 11271, Time: 00:13:24

Health: 0/115      AC: 29    Str: 17    XL:     11   Next: 23%
Magic:  21/23      EV:  2    Int: 15    God:    Makhleb [***...]
Gold:   553        SH:  0    Dex: 14    Spells: 11/26 levels left

rFire    . . .     SeeInvis .     - Unarmed
rCold    . . .     Gourm    .   (no shield)
rNeg     + + +     Faith    .   (armour unavailable)
rPois    +         Spirit   .   (helmet currently unavailable)
rElec    +         Reflect  .   (cloak currently unavailable)
rCorr    .         Harm     .   (gloves currently unavailable)
MR       .....     NoTele   +   (boots currently unavailable)
Stlth    ++........             (no amulet)
HPRegen  0.29/turn              q - ring "Azxasota" {rElec Str+3 Dex+2 Stlth+}
MPRegen  0.18/turn              v - +4 ring of protection

@: tree-form
A: (breathe noxious fumes), unfitting armour, AC +7
a: Minor Destruction, Lesser Servant of Makhleb, Renounce Religion


You were in a Gauntlet.
You worshipped Makhleb.
Makhleb was most pleased with you.
You were not hungry.
You were a tree.
You visited 3 branches of the dungeon, and saw 12 of its levels.
You also visited: Bailey and Gauntlet.

You collected 567 gold pieces.
You spent 14 gold pieces at shops.

Inventory:

Missiles
 a - 234 arrows
Armour
 w - a +0 hat (melded)
 B - a scarf of cloud immunity (melded)
Jewellery
 i - an uncursed amulet of faith
 q - the ring "Azxasota" (left branch) {rElec Str+3 Dex+2 Stlth+}
   (You found it on level 4 of the Dungeon)

   [ring of dexterity]

   It affects your strength (+3).
   It affects your dexterity (+2).
   It insulates you from electricity.
   It makes you more stealthy.
 r - a +4 ring of evasion
 s - an uncursed ring of ice
 v - a +4 ring of protection (right branch)
Wands
 u - a wand of random effects (11)
 x - a wand of iceblast (14)
 y - a wand of paralysis (2)
Scrolls
 d - 6 scrolls of remove curse
 e - 6 scrolls of enchant weapon
 h - 9 scrolls of teleportation
 o - a scroll of fear
 t - 2 scrolls of fog
Potions
 b - 4 potions of curing
 f - 2 potions of flight
 g - 2 potions of invisibility
 j - 2 potions of magic
 l - a potion of mutation
 n - a potion of resistance
 p - a potion of brilliance
 z - a potion of haste
 C - 2 potions of experience {unknown}
Comestibles
 c - 23 rations


   Skills:
 - Level 1.1 Fighting
 - Level 1.7 Dodging
 * Level 12.6 Unarmed Combat
 + Level 8.4 Spellcasting
 + Level 9.1 Transmutations


You had 11 spell levels left.
You knew the following spells:

 Your Spells              Type           Power        Failure   Level  Hunger
a - Beastly Appendage     Tmut           ####..       1%          1    None
b - Sticks to Snakes      Tmut           ####....     1%          2    None
c - Spider Form           Tmut/Pois      ###.......   5%          3    ##.....
d - Ice Form              Ice/Tmut       ###.....     17%         4    ####...
e - Blade Hands           Tmut           ####......   8%          5    #####..

Your spell library contained the following spells:

 Spells                   Type           Power        Failure   Level  Hunger
 Animate Skeleton         Necr           N/A          12%         1    None
 Apportation              Tloc           #.....       12%         1    None
 Corona                   Hex            #......      12%         1    None
 Magic Dart               Conj           #...         12%         1    None
 Summon Small Mammal      Summ           #...         12%         1    None
 Blink                    Tloc           N/A          17%         2    None
 Call Imp                 Summ           #.......     17%         2    None
 Searing Ray              Conj           #.....       17%         2    None
 Slow                     Hex            #.......     17%         2    None
 Conjure Flame            Conj/Fire      #.......     34%         3    ##.....
 Dazzling Flash           Conj/Hex       #.....       34%         3    ##.....
 Mephitic Cloud           Conj/Pois/Air  #.......     34%         3    ##.....
 Yara's Violent Unravell  Hex/Tmut       ###.......   43%         5    #####..
 Cause Fear               Hex            #.........   75%         4    ####...
 Fulminant Prism          Conj/Hex       #.........   75%         4    ####...
 Iskenderun's Mystic Bla  Conj/Tloc      #.......     75%         4    ####...
 Silence                  Hex/Air        #.........   97%         5    #####..
 Deflect Missiles         Chrm/Air       #.........   100%        6    #######
 Discord                  Hex            #.........   100%        8    #######


Dungeon Overview and Level Annotations

Branches:
Dungeon (10/15)            Temple (1/1) D:5            Lair (1/6) D:8
 Bailey (visited)         Gauntlet (1/1)
    Orc: D:9-12

Altars:
Ashenzari
Cheibriados
Dithmenos
Elyvilon
Fedhas
Gozag
Hepliaklqana
Kikubaaqudgha
Makhleb
Nemelex Xobeh
Okawaru
Qazlal
Ru
Sif Muna
Trog
Uskayaw
Vehumet
Wu Jian
Xom
Yredelemnul
Zin
The Shining One

Shops:
D:4 *   D:5 :

Annotations:
D:7 exclusion: 2 centaurs
Lair:1 exclusion: hydra Gauntlet 11 transporters, 1 runed translucent door, exclusion: obsidian statue


Innate Abilities, Weirdness & Mutations

((You can breathe blasts of noxious fumes.))
((Your lurid green scales are hard. (AC +7)))
You cannot fit into any form of body armour.
((Your system is resistant to poisons. (rPois)))
((You are cold-blooded and may be slowed by cold attacks.))


Message History

The wolf is almost dead.
The wolf bites you.
* * * LOW HITPOINT WARNING * * *
The wolf bites you but does no damage. The wolf bites you.
* * * LOW HITPOINT WARNING * * *
The wolf bites you but does no damage.
You smack the wolf!
You kill the wolf!
Makhleb accepts your kill.
You feel better.
The wolf bites you but does no damage. x2
You hit the wolf.
The wolf is lightly wounded.
The wolf bites you!
* * * LOW HITPOINT WARNING * * *
The wolf bites you but does no damage. The moth of wrath bites you!
* * * LOW HITPOINT WARNING * * *
You pummel the wolf!!
The wolf is severely wounded.
The wolf bites you but does no damage. The wolf bites you.
You die...

##.#.# #...#5#.≈≈#
©..#Z. #.###.53#.≈##
###### .#########.##
..#©.........©#....≈##
⌠.#.⌠.⌠.⌠.⌠.⌠.#.⌠..≈≈#
..#©.........©#....≈##
##################.##
.)(©...#.#.=.©)y.#.≈##
...###.#.#.#.#.#♣#.≈≈#
...###h#.#..P..h.#.≈##
...###h#.#.#.©†#.#.##
h##©.yh#.#..P.P..#.≈##
.##..#h#.#.8.8.⌠.#.≈≈#
.....hh#.#.......#.≈##
########.#########.##
...©.........©.....≈#
≈≈≈#..∩.⌠.∩..#≈≈≈#≈≈≈#


You could see a moth of wrath, a sixfirhy, a wolf (berserk) and an ufetubus.

Vanquished Creatures
  3 two-headed ogres (D:10)
  A komodo dragon (Lair:1)
  2 trolls (D:10)
  A hornet (D:8)
  Prince Ribbit (D:7)
  2 hippogriffs
  A wraith (D:10)
  2 yaks (D:10)
  2 wyverns (D:10)
  2 hungry ghosts (D:9)
  6 two-headed ogre zombies (D:9)
  A porcupine (Lair:1)
  5 orc warriors
  A hornet zombie (D:7)
  2 sky beasts
  An ice beast (D:5)
  2 phantoms
  A black bear (D:10)
  3 wolves (Gauntlet)
  4 ogres
  2 centaurs
  7 bullfrogs
  5 scorpions
  6 killer bees (D:10)
  5 howler monkeys
  An electric eel (D:9)
  3 crimson imps
  A bullfrog zombie (D:6)
  3 centaur zombies
  3 hounds
  6 orc priests
  3 jellies (D:8)
  14 orc wizards
  A bullfrog skeleton (D:7)
  A centaur skeleton (D:7)
  3 iguanas
  4 worker ants
  2 hound zombies
  A hound skeleton (D:5)
  2 worker ant zombies
  9 adders
  3 shadow imps
  7 oozes
  An adder zombie (D:6)
  4 worms
  2 dart slugs (D:2)
  5 leopard geckos
  27 orcs
  A bat zombie (D:6)
  12 giant cockroaches
  14 goblins
  7 hobgoblins
  14 jackals
  A quokka (D:8)
  A ball python skeleton (D:5)
  A ball python zombie (D:5)
  6 bats
  8 frilled lizards
  6 kobolds
  A leopard gecko skeleton (D:6)
  A quokka zombie (D:6)
  5 rats
  A plant (Lair:1)
253 creatures vanquished.

Vanquished Creatures (collateral kills)
  An ogre (D:4)
  An adder (D:2)
  2 giant cockroaches
  A quokka (D:2)
  A rat (D:2)
6 creatures vanquished.

Vanquished Creatures (others)
  A plant (Gauntlet)
1 creature vanquished.

Grand Total: 260 creatures vanquished

Notes
Turn   | Place    | Note
-------+----------+-------------------------------------------
     0 | D:1      | kae the Draconian Transmuter began the quest for the Orb.
     0 | D:1      | Reached XP level 1. HP: 16/16 MP: 3/3
   136 | D:1      | Reached XP level 2. HP: 19/23 MP: 3/5
   320 | D:1      | Found a shattered altar of Ashenzari.
   789 | D:1      | Learned a level 2 spell: Sticks to Snakes
   798 | D:2      | Reached XP level 3. HP: 19/28 MP: 0/6
  1147 | D:2      | Reached skill level 4 in Unarmed Combat
  1245 | D:2      | Reached XP level 4. HP: 25/35 MP: 3/7
  1344 | D:2      | Found a hazy altar of Hepliaklqana.
  2147 | D:3      | Learned a level 3 spell: Spider Form
  2396 | D:3      | Noticed an ogre
  2405 | D:3      | Killed an ogre
  2405 | D:3      | Reached skill level 5 in Unarmed Combat
  2405 | D:3      | Reached XP level 5. HP: 34/40 MP: 2/9
  2819 | D:3      | Reached XP level 6. HP: 31/47 MP: 3/10
  2928 | D:4      | Found Oneluus's Assorted Antiques.
  2940 | D:4      | Bought a pink potion for 14 gold pieces
  3164 | D:4      | Got a glittering bone ring
  3266 | D:5      | Entered Level 5 of the Dungeon
  3487 | D:5      | Noticed an ice beast
  3498 | D:5      | Killed an ice beast
  3498 | D:5      | Reached skill level 6 in Unarmed Combat
  3498 | D:5      | Your scales start taking on a lurid green colour.
  3498 | D:5      | Reached XP level 7. HP: 37/52 MP: 7/12
  3498 | D:5      | Gained mutation: Your system is resistant to poisons.
                  | (rPois) [Green Draconian growth]
  3601 | D:5      | Found Wiuf's Book Shoppe.
  3609 | D:5      | Found a staircase to the Ecumenical Temple.
  3635 | Temple   | Entered the Ecumenical Temple
  3719 | Temple   | Became a worshipper of Makhleb the Destroyer
  3777 | D:5      | Learned a level 4 spell: Ice Form
  4773 | D:6      | Reached skill level 7 in Unarmed Combat
  4883 | D:6      | Reached skill level 5 in Transmutations
  4883 | D:6      | Reached XP level 8. HP: 30/59 MP: 10/14
  5182 | D:6      | Reached * piety under Makhleb
  5402 | D:6      | Found a stormy altar of Qazlal.
  5645 | D:6      | Found an iron altar of Okawaru.
  5764 | D:6      | Found an ancient bone altar of Kikubaaqudgha.
  5793 | D:6      | Identified the ring "Azxasota" {rElec Str+3 Dex+2 Stlth+}
                  | (You found it on level 4 of the Dungeon)
  5931 | D:7      | Reached skill level 8 in Unarmed Combat
  5931 | D:7      | Reached skill level 5 in Spellcasting
  6147 | D:7      | Found a glowing silver altar of Zin.
  6209 | D:7      | Found a shimmering blue altar of Sif Muna.
  6234 | D:7      | Noticed Prince Ribbit
  6275 | D:7      | Killed Prince Ribbit
  6275 | D:7      | Reached skill level 9 in Unarmed Combat
  6275 | D:7      | Reached XP level 9. HP: 64/64 MP: 10/17
  6390 | D:7      | Found a shadowy altar of Dithmenos.
  6957 | D:8      | Reached ** piety under Makhleb
  7073 | D:8      | Found a staircase to the Lair.
  7106 | D:8      | Learned a level 5 spell: Blade Hands
  7262 | D:8      | Found a flagged portal.
  7280 | D:8      | Paralysed by a hornet for 3 turns
  7286 | D:8      | Reached skill level 10 in Unarmed Combat
  7346 | Bailey   | Entered a bailey
  7346 | Bailey   | Noticed an orc knight
  7346 | Bailey   | Noticed an orc knight
  8070 | D:9      | Found a hide-covered altar of Uskayaw.
  8073 | D:9      | Noticed a +0 hand axe
  8082 | D:9      | Noticed a +0 dagger
  8116 | D:9      | Found an opulent altar of Gozag.
  8383 | D:9      | Reached XP level 10. HP: 71/71 MP: 20/20
  8552 | D:9      | Reached skill level 11 in Unarmed Combat
  9340 | D:10     | Entered Level 10 of the Dungeon
  9512 | D:10     | Reached *** piety under Makhleb
  9522 | D:10     | Noticed a two-headed ogre
  9584 | D:10     | Noticed a two-headed ogre
  9631 | D:10     | Killed a two-headed ogre
  9634 | D:10     | Killed a two-headed ogre
  9692 | D:10     | Reached skill level 12 in Unarmed Combat
 10145 | D:10     | Reached XP level 11. HP: 63/77 MP: 17/23
 10154 | D:10     | Noticed a two-headed ogre
 10308 | D:10     | Killed a two-headed ogre
 10836 | Lair:1   | Entered Level 1 of the Lair of Beasts
 10907 | Lair:1   | Noticed a six-headed hydra
 11017 | Lair:1   | Found a gate leading to a gauntlet.
 11025 | Gauntlet | Entered a Gauntlet
 11025 | Gauntlet | Found a transporter.
 11025 | Gauntlet | Found a transporter.
 11039 | Gauntlet | Found a transporter.
 11055 | Gauntlet | Found a transporter.
 11061 | Gauntlet | Noticed a sixfirhy
 11063 | Gauntlet | Found a transporter.
 11067 | Gauntlet | Found a transporter.
 11078 | Gauntlet | Found a transporter.
 11079 | Gauntlet | Noticed an obsidian statue
 11091 | Gauntlet | Found a transporter.
 11105 | Gauntlet | Found a transporter.
 11109 | Gauntlet | Found a transporter.
 11110 | Gauntlet | Found a runed translucent door.
 11120 | Gauntlet | Found a transporter.
 11121 | Gauntlet | Found a transporter.
 11270 | Gauntlet | HP: 1/115 [moth of wrath (12)]
 11271 | Gauntlet | Slain by a wolf

Levels and vault maps discovered:
D:1:      sevenhm_arrival_forest_fort_large_2, layout_rooms,
          minmay_misc_feat_cross, evilmike_ruin_ashenzari
D:2:      minmay_roachtagon, layout_basic, nicolae_overflow_crystal_walls,
          first_ration, st_stairs_13, hex_tiny
D:3:      layout_basic
D:4:      layout_rooms, serial_shops, nicolae_shop_stone, minmay_misc_feat_chi
D:5:      layout_layer_cave, temple_statues, serial_shops, shop,
          chequers_mini_garden
D:6:      layout_loops_corners, nicolae_overflow_hidden_temple,
          lemuel_zombie_altar_kikubaaqudgha, chequers_serial_rivers_room_b,
          eino_tiny_chamber
D:7:      nicolae_whirlpool, layout_basic, lemuel_crystal_altar,
          nicolae_dithmenos_shadow_blocks, old_standard_altar,
          uniq_prince_ribbit1
D:8:      layout_cave_pools, lair_entry_dummy, enter_bailey_6,
          hangedman_little_slice_of_home
D:9:      lemuel_ogre_cave, layout_layer_cave, dancing_weapons_uskayaw,
          minmay_misc_feat_doors, minmay_misc_feat_x, nicolae_gozag_seed_capital
D:10:     layout_stronghold, st_stairs_14, kennysheep_opposing_triangles
Temple:   nicolae_temple_x_marks_the_god
Lair:1:   dragon1_lemuel, layout_chaotic_city, serial_bayou,
          serial_bayou_lagoon_a, serial_bayou_lake_a, serial_bayou_pond_a,
          serial_bayou_pond_a, serial_bayou_pond_c, gauntlet_entry_generic,
          patterned_corridor, minmay_lair_oklob_chamber, uniq_erica
Gauntlet: minmay_gauntlet_77_indecision [minmay_gauntlet_arena_77_block_sizes,
          minmay_gauntlet_arena_77_museum, minmay_gauntlet_arena_77_path,
          minmay_gauntlet_arena_77_broken_ladder, minmay_gauntlet_arena_77_fan,
          minmay_gauntlet_arena_77_chump_sandwich,
          nicolae_gauntlet_exit_dead_adventurers]

Skill      XL: |  1  2  3  4  5  6  7  8  9 10 11 |
---------------+----------------------------------+-----
Unarmed Combat | 4 5 6 7 9 10 12 | 12.6
Transmutations | 3 4 5 6 7 8 9 |  9.1
Spellcasting   | 3 4 5 6 8 |  8.4
Fighting       | |  1.1
Dodging        | |  1.7

Action                   |  1- 3 |  4- 6 |  7- 9 | 10-12 || total
-------------------------+-------+-------+-------+-------++-------
Melee: Unarmed           |   147 |   174 |   390 |   169 ||   880
       Tailslap          |     9 |    10 |    12 |    24 ||    55
       Kick              |     7 |     8 |     8 |       ||    23
       Punch             |     2 |       |     5 |     4 ||    11
       Headbutt          |     5 |     7 |     1 |       ||    13
 Cast: Beastly Appendage |    11 |    16 |    12 |     1 ||    40
       Sticks to Snakes  |     5 |     3 |       |       ||     8
       Spider Form       |       |    10 |    26 |       ||    36
       Ice Form          |       |       |     5 |     5 ||    10
       Blade Hands       |       |       |     1 |    16 ||    17
 Abil: Breathe Noxious F |       |       |     4 |     3 ||     7
       End Transformatio |       |       |       |     1 ||     1
  Use: Scroll            |       |    10 |     8 |     5 ||    23
       Potion            |       |       |     2 |     2 ||     4
 Stab: Sleeping          |       |     2 |     2 |     3 ||     7
       Invisible         |       |       |     7 |       ||     7
       Confused          |       |       |     3 |     7 ||    10
  Eat: Chunk             |     2 |     8 |    16 |    12 ||    38
       Ration            |       |       |     2 |     1 ||     3
Armor: Skin              |    62 |    36 |    62 |    67 ||   227
Dodge: Dodged            |   132 |   115 |   250 |    82 ||   579

Table legend:
 A = Non-vault XP
 B = Vault XP
 C = Vault XP percentage of total XP
 D = Non-vault monster count
 E = Vault monster count
 F = Vault count percentage of total count
                 A         B        C        D         E       F
            +---------+---------+-------+---------+---------+-------
      Total |    9836 |    3735 |  27.5 |     222 |      36 |  14.0
            +---------+---------+-------+---------+---------+-------
        D:1 |      28 |       0 |   0.0 |      14 |       0 |   0.0
        D:2 |      61 |      30 |  33.0 |      28 |      10 |  26.3
        D:3 |     229 |       0 |   0.0 |      28 |       0 |   0.0
        D:4 |     275 |       0 |   0.0 |      16 |       0 |   0.0
        D:5 |     523 |       0 |   0.0 |      21 |       0 |   0.0
        D:6 |     635 |       2 |   0.3 |      26 |       1 |   3.7
        D:7 |    1324 |     286 |  17.8 |      23 |       1 |   4.2
        D:8 |    1240 |     160 |  11.4 |      18 |       8 |  30.8
        D:9 |    1222 |     954 |  43.8 |      16 |       6 |  27.3
       D:10 |    3776 |    1955 |  34.1 |      30 |       7 |  18.9
     Lair:1 |     523 |       0 |   0.0 |       2 |       0 |   0.0
   Gauntlet |       0 |     348 | 100.0 |       0 |       3 | 100.0
            +---------+---------+-------+---------+---------+-------
